Hartford Whalers vs Anaheim Ducks
Created - Thursday, September 19, 2024 at 06:17
Goals
|
| Hartford Whalers |
1 |
0 |
0 |
1 |
| Anaheim Ducks |
1 |
2 |
0 |
3 |
|
Shots
|
| Hartford Whalers |
17 |
3 |
12 |
32 |
| Anaheim Ducks |
9 |
13 |
14 |
36 |
|
1st period
1. Hartford Whalers , Taylor Hall 3 (Matthew Coronato 5, Kaiden Guhle 4) at 1:16
2. Anaheim Ducks , William Nylander 11 (John Tavares 11) at 7:06
Penalties :
Alex Killorn (ANA) for High sticking (Double Minor) at 18:04
2nd period
3. Anaheim Ducks , J.T. Compher 9 (Esa Lindell 7, Chandler Stephenson 11) at 3:18
4. Anaheim Ducks , Chandler Stephenson 7 (Morgan Rielly 9, J.T. Compher 6) at 12:15
Penalties :
Mark Scheifele (ANA) for Fighting (Major) at 11:56, Josh Anderson (HFD) for Fighting (Major) at 11:56, Miles Wood (HFD) for High sticking (Double Minor) at 14:13, Brayden Schenn (ANA) for Tripping (Minor) at 18:32
3rd period
No Goal
Penalties :
Nick Suzuki (HFD) for Delaying the game (Minor) at 4:48, Mark Scheifele (ANA) for Holding (Minor) at 19:45
Goalie Stats
Anton Forsberg (HFD), 33 saves from 36 shots - (0.917), L, 1-5-0, 60:00 minutes
Linus Ullmark (ANA), 31 saves from 32 shots - (0.969), W, 14-5-4, 60:00 minutes
Players Stats for Hartford Whalers
Player Name G A P +/- PIM S H SB GA TA FO MP PP MP PK MP
------------------------------------------------------------------------------------
Anthony Cirelli 0 0 0 0 0 0 1 0 0 0 0/0 19:21 3:07 2:39
Charlie McAvoy 0 0 0 0 0 0 2 2 0 0 0/0 23:47 3:09 2:41
Derek Forbort 0 0 0 0 0 2 1 0 0 2 0/0 14:24 0:00 0:52
Jonathan Drouin 0 0 0 0 0 4 0 0 1 1 1/1 18:41 3:07 2:21
Josh Anderson 0 0 0 0 5 2 2 0 0 0 0/0 8:46 0:00 0:24
Kaapo Kakko 0 0 0 0 0 1 1 0 0 1 1/4 13:12 0:00 1:44
Kaiden Guhle 0 1 1 0 0 1 0 0 0 1 0/0 14:07 0:00 0:35
Lukas Reichel 0 0 0 0 0 3 1 1 1 0 5/11 11:28 0:00 0:00
Matthew Coronato 0 1 1 0 0 1 1 0 1 0 1/6 9:39 0:00 0:51
Miles Wood 0 0 0 -2 4 3 0 0 0 0 0/0 17:25 3:05 0:00
Morgan Frost 0 0 0 -2 0 2 0 1 2 1 6/16 19:38 3:02 2:15
Nick Suzuki 0 0 0 0 2 4 1 0 1 0 10/18 17:57 3:07 1:31
Ryan McDonagh 0 0 0 0 0 2 0 0 0 2 0/0 23:47 3:09 2:41
Ryan Suter 0 0 0 -2 0 0 2 2 0 0 0/0 21:59 3:03 2:35
T.J. Oshie 0 0 0 -2 0 5 0 0 0 1 1/1 17:11 3:05 0:00
Taylor Hall 1 0 1 0 0 1 1 0 0 0 0/1 8:56 0:00 0:15
Tomas Tatar 0 0 0 0 0 0 1 0 0 0 0/0 11:49 0:03 0:00
Torey Krug 0 0 0 -2 0 1 1 0 0 2 0/0 21:56 3:03 2:32
Players Stats for Anaheim Ducks
Player Name G A P +/- PIM S H SB GA TA FO MP PP MP PK MP
------------------------------------------------------------------------------------
Alex Killorn 0 0 0 1 4 1 0 0 0 0 0/2 16:32 2:29 0:24
Alexandre Texier 0 0 0 -1 0 1 0 1 0 0 0/2 10:06 0:57 2:44
Brayden Schenn 0 0 0 0 2 1 0 0 0 0 0/0 17:51 1:29 2:33
Brenden Dillon 0 0 0 -1 0 0 2 0 1 0 0/0 18:33 1:10 3:01
Calle Jarnkrok 0 0 0 -1 0 0 0 0 0 0 0/0 5:51 0:00 0:00
Chandler Stephenson 1 1 2 2 0 6 2 1 1 0 2/2 16:49 0:00 2:14
Esa Lindell 0 1 1 1 0 1 0 1 0 0 0/0 20:43 1:46 3:11
Ivan Provorov 0 0 0 2 0 1 0 1 0 1 0/0 22:31 1:46 3:11
J.T. Compher 1 1 2 2 0 3 3 1 1 0 4/8 19:09 0:38 3:33
John Tavares 0 1 1 1 0 2 3 0 0 0 9/15 16:05 2:29 0:00
Josh Manson 0 0 0 -1 0 0 0 1 0 0 0/0 14:24 0:54 0:00
Joshua Morrissey 0 0 0 1 0 2 0 1 0 0 0/0 19:12 3:18 0:00
Mark Scheifele 0 0 0 0 7 4 1 0 2 0 4/10 14:23 1:42 0:00
Mason Marchment 0 0 0 0 0 1 0 0 1 0 2/2 15:46 2:29 0:00
Max Domi 0 0 0 -1 0 0 1 0 0 0 0/0 6:56 0:31 0:34
Morgan Rielly 0 1 1 2 0 1 1 2 1 3 0/0 24:37 3:02 3:01
Nazem Kadri 0 0 0 2 0 6 3 0 0 1 11/15 17:26 2:35 0:22
William Nylander 1 0 1 1 0 6 1 0 4 1 1/2 16:50 2:35 0:00
3 Stars
1 - J.T. Compher (ANA)
2 - Chandler Stephenson (ANA)
3 - Linus Ullmark (ANA)
Power Play
Hartford Whalers - 0 on 4 Attempt(s) - 0.00%
Anaheim Ducks - 0 on 3 Attempt(s) - 0.00%
Penalty Kill
Hartford Whalers - 3 on 3 Attempt(s) - 100.00%
- Score 0 goal in Penalty Kill
Anaheim Ducks - 4 on 4 Attempt(s) - 100.00%
- Score 0 goal in Penalty Kill
Team Stat
Hartford Whalers - Hits : 15 - Faceoff Wins : 25 - Blocked Shots : 6 - Penalty Minutes : 11
Anaheim Ducks - Hits : 17 - Faceoff Wins : 33 - Blocked Shots : 9 - Penalty Minutes : 13
Official
Referees : Morgan Macphee and Cody Beach
Linesman : Caleb Apperson and Ryan Gibbons
Game Notes
Mark Scheifele beats up Josh Anderson at 11:56 of 2nd period
Finance
Level 1 -- Attendance: 4631 (77.18%) -- Ticket Income $463,100
Level 2 -- Attendance: 3660 (73.20%) -- Ticket Income $219,600
Level 3 -- Attendance: 2100 (70.00%) -- Ticket Income $96,600
Level 4 -- Attendance: 3727 (74.54%) -- Ticket Income $93,175
Luxury Box -- Attendance: 799 (79.90%) -- Ticket Income $159,800
Game was played at the Honda Center.
Total Attendance: 14917 (74.59%)
Total Ticket Income: $1,032,275
Other Income: $361,296
Total Income: $1,393,571
Hartford Whalers
5 vs 5 Forward
Center Left Wing Right Wing Time % Phy DF OF
1 Nick Suzuki Anthony Cirelli Jonathan Drouin 30 1 2 2
2 Morgan Frost Miles Wood T.J. Oshie 30 1 2 2
3 Lukas Reichel Tomas Tatar Kaapo Kakko 25 1 2 2
4 Matthew Coronato Taylor Hall Josh Anderson 15 1 2 2
5 vs 5 Defense
Defense Defense Time % Phy DF OF
1 Charlie McAvoy Ryan McDonagh 35 1 2 2
2 Torey Krug Ryan Suter 35 1 2 2
3 Kaiden Guhle Derek Forbort 30 1 2 2
4 Charlie McAvoy Ryan McDonagh 0 1 2 2
PowerPlay Forward
Center Left Wing Right Wing Time % Phy DF OF
1 Nick Suzuki Anthony Cirelli Jonathan Drouin 50 1 2 2
2 Morgan Frost Miles Wood T.J. Oshie 50 1 2 2
PowerPlay Defense
Defense Defense Time % Phy DF OF
1 Charlie McAvoy Ryan McDonagh 50 1 2 2
2 Torey Krug Ryan Suter 50 1 2 2
Penalty Kill 4 Players Forward
Center Wing Time % Phy DF OF
1 Nick Suzuki Anthony Cirelli 50 1 2 2
2 Jonathan Drouin Morgan Frost 50 1 2 2
Penalty Kill 4 Players Defense
Defense Defense Time % Phy DF OF
1 Charlie McAvoy Ryan McDonagh 50 1 2 2
2 Torey Krug Ryan Suter 50 1 2 2
Penalty Kill - 3 Players Forward
Forward Time % Phy DF OF
1 Nick Suzuki 50 1 2 2
2 Anthony Cirelli 50 1 2 2
Penalty Kill - 3 Players Defense
Defense Defense Time % Phy DF OF
1 Charlie McAvoy Ryan McDonagh 50 1 2 2
2 Torey Krug Ryan Suter 50 1 2 2
4 vs 4 Forward
Center Wing Time % Phy DF OF
1 Nick Suzuki Anthony Cirelli 50 1 2 2
2 Jonathan Drouin Morgan Frost 50 1 2 2
4 vs 4 Defense
Defense Defense Time % Phy DF OF
1 Charlie McAvoy Ryan McDonagh 50 1 2 2
2 Torey Krug Ryan Suter 50 1 2 2
Last Minutes Offensive
Center Left Wing Right Wing Defense Defense
Nick Suzuki Anthony Cirelli Jonathan Drouin Charlie McAvoy Ryan McDonagh
Last Minutes Defensive
Center Left Wing Right Wing Defense Defense
Nick Suzuki Anthony Cirelli Jonathan Drouin Charlie McAvoy Ryan McDonagh
Goaltenders
Starting : Anton Forsberg
Backup : Spencer Knight
Extra Forwards
Normal : Tomas Tatar, Taylor Hall, Kaapo Kakko - PP : Tomas Tatar, Taylor Hall - PK : Kaapo Kakko
Extra Defensemen
Normal : Kaiden Guhle, Charlie McAvoy, Torey Krug - PP : Kaiden Guhle - PK : Derek Forbort, Torey Krug
Penalty Shots
Nick Suzuki, Anthony Cirelli, Jonathan Drouin, Morgan Frost, T.J. Oshie
Scratches
Alec Martinez (Healthy), Joshua Norris (Healthy)
Anaheim Ducks
5 vs 5 Forward
Center Left Wing Right Wing Time % Phy DF OF
1 John Tavares Alex Killorn William Nylander 33 1 2 2
2 Mark Scheifele Brayden Schenn Mason Marchment 33 1 2 2
3 Nazem Kadri Chandler Stephenson J.T. Compher 33 1 1 3
4 Max Domi Calle Jarnkrok Alexandre Texier 1 1 2 2
5 vs 5 Defense
Defense Defense Time % Phy DF OF
1 Esa Lindell Joshua Morrissey 35 1 2 2
2 Morgan Rielly Ivan Provorov 35 1 2 2
3 Brenden Dillon Josh Manson 30 1 2 2
4 Esa Lindell Joshua Morrissey 0 1 2 2
PowerPlay Forward
Center Left Wing Right Wing Time % Phy DF OF
1 Nazem Kadri Mark Scheifele William Nylander 60 1 1 3
2 John Tavares Alex Killorn Mason Marchment 40 1 1 3
PowerPlay Defense
Defense Defense Time % Phy DF OF
1 Morgan Rielly Joshua Morrissey 60 1 1 3
2 Esa Lindell Ivan Provorov 40 1 1 3
Penalty Kill 4 Players Forward
Center Wing Time % Phy DF OF
1 J.T. Compher Brayden Schenn 55 1 3 1
2 Chandler Stephenson Alex Killorn 45 1 3 1
Penalty Kill 4 Players Defense
Defense Defense Time % Phy DF OF
1 Esa Lindell Ivan Provorov 50 1 3 1
2 Morgan Rielly Brenden Dillon 50 1 3 1
Penalty Kill - 3 Players Forward
Forward Time % Phy DF OF
1 J.T. Compher 50 1 4 0
2 Chandler Stephenson 50 1 4 0
Penalty Kill - 3 Players Defense
Defense Defense Time % Phy DF OF
1 Esa Lindell Ivan Provorov 50 1 4 0
2 Morgan Rielly Brenden Dillon 50 1 4 0
4 vs 4 Forward
Center Wing Time % Phy DF OF
1 Nazem Kadri William Nylander 60 1 2 2
2 John Tavares Mark Scheifele 40 1 2 2
4 vs 4 Defense
Defense Defense Time % Phy DF OF
1 Esa Lindell Morgan Rielly 50 1 2 2
2 Ivan Provorov Joshua Morrissey 50 1 2 2
Last Minutes Offensive
Center Left Wing Right Wing Defense Defense
Nazem Kadri William Nylander Mark Scheifele Joshua Morrissey Morgan Rielly
Last Minutes Defensive
Center Left Wing Right Wing Defense Defense
Chandler Stephenson Alex Killorn J.T. Compher Ivan Provorov Esa Lindell
Goaltenders
Starting : Linus Ullmark
Backup : James Reimer
Extra Forwards
Normal : William Nylander, Mark Scheifele, Nazem Kadri - PP : William Nylander, Nazem Kadri - PK : J.T. Compher
Extra Defensemen
Normal : Esa Lindell, Brenden Dillon, Ivan Provorov - PP : Joshua Morrissey - PK : Esa Lindell, Ivan Provorov
Penalty Shots
Brenden Dillon, Mark Scheifele, Calle Jarnkrok, John Tavares, Alex Killorn
Scratches
Jakob Chychrun (Healthy)
% Time on Ice - Hartford Whalers
Lines # - Real PCT - Wanted PCT - Time Play
Normal Forward
1 - 28% - 30% - 13:20
2 - 30% - 30% - 14:21
3 - 24% - 25% - 11:28
4 - 18% - 15% - 8:41
Normal Defense
1 - 36% - 35% - 17:03
2 - 34% - 35% - 16:21
3 - 28% - 30% - 13:32
4 - 2% - 0% - 0:54
PP Forward
1 - 50% - 50% - 3:07
2 - 50% - 50% - 3:05
PP Defense
1 - 51% - 50% - 3:09
2 - 49% - 50% - 3:03
PK Forward
1 - 51% - 50% - 3:04
2 - 49% - 50% - 2:54
PK Defense
1 - 55% - 50% - 3:16
2 - 45% - 50% - 2:42
PK3 Forward
1 - 0% - 50%
2 - 0% - 50%
PK3 Defense
1 - 0% - 50%
2 - 0% - 50%
44 Forward
1 - 0% - 50%
2 - 0% - 50%
44 Defense
1 - 0% - 50%
2 - 0% - 50%
Last Minute Offensive - 0:00
Last Minute Defensive - 0:00
Total
Forward - 60:00
Defense - 60:00
|
% Time on Ice - Anaheim Ducks
Lines # - Real PCT - Wanted PCT - Time Play
Normal Forward
1 - 30% - 33% - 14:07
2 - 28% - 33% - 13:21
3 - 30% - 33% - 14:31
4 - 12% - 1% - 5:51
Normal Defense
1 - 34% - 35% - 16:04
2 - 38% - 35% - 18:16
3 - 28% - 30% - 13:30
4 - 0% - 0% - 0:00
PP Forward
1 - 58% - 60% - 3:29
2 - 42% - 40% - 2:29
PP Defense
1 - 70% - 60% - 4:12
2 - 30% - 40% - 1:46
PK Forward
1 - 64% - 55% - 3:58
2 - 36% - 45% - 2:14
PK Defense
1 - 51% - 50% - 3:11
2 - 49% - 50% - 3:01
PK3 Forward
1 - 0% - 50%
2 - 0% - 50%
PK3 Defense
1 - 0% - 50%
2 - 0% - 50%
44 Forward
1 - 0% - 60%
2 - 0% - 40%
44 Defense
1 - 0% - 50%
2 - 0% - 50%
Last Minute Offensive - 0:00
Last Minute Defensive - 0:00
Total
Forward - 60:00
Defense - 60:00
|
Play-by-Play
1st period
0:01 of 1st period - Nick Suzuki wins face-off versus Alex Killorn in neutral zone.
0:14 of 1st period - Esa Lindell is hit by Charlie McAvoy.
1:14 of 1st period - Wrist shot by Matthew Coronato.
1:14 of 1st period - Stopped by Linus Ullmark with a rebound.
1:16 of 1st period - Snap shot by Matthew Coronato.
1:16 of 1st period - Deflect By Taylor Hall.
1:16 of 1st period - Goal by Taylor Hall - Hartford Whalers : 1 - Anaheim Ducks : 0.
1:17 of 1st period - Nick Suzuki wins face-off versus William Nylander in neutral zone.
1:26 of 1st period - Ivan Provorov is hit by Derek Forbort and loses puck.
2:31 of 1st period - Slapshot by Lukas Reichel.
2:31 of 1st period - Deflect By Tomas Tatar.
2:31 of 1st period - Shot Misses the Net.
2:31 of 1st period - Puck is out of play.
2:32 of 1st period - John Tavares wins face-off versus Lukas Reichel in Anaheim Ducks zone.
3:27 of 1st period - Wrist shot by Nick Suzuki.
3:27 of 1st period - Stopped by Linus Ullmark without a rebound.
3:28 of 1st period - Mark Scheifele wins face-off versus Nick Suzuki in Anaheim Ducks zone.
4:35 of 1st period - Wrist shot by Nick Suzuki.
4:35 of 1st period - Shot Misses the Net.
4:57 of 1st period - Wrist shot by Nick Suzuki.
4:57 of 1st period - Shot Blocked by Morgan Rielly.
4:59 of 1st period - Slapshot by Kaiden Guhle.
4:59 of 1st period - Shot Blocked by Morgan Rielly.
5:01 of 1st period - Slapshot by Anthony Cirelli.
5:01 of 1st period - Deflect By Ivan Provorov.
5:01 of 1st period - Shot Misses the Net.
5:01 of 1st period - Puck is out of play.
5:02 of 1st period - Matthew Coronato wins face-off versus John Tavares in Anaheim Ducks zone.
5:38 of 1st period - Slapshot by Nazem Kadri.
5:38 of 1st period - Shot Misses the Net.
5:40 of 1st period - Wrist shot by J.T. Compher.
5:40 of 1st period - Shot Blocked by Morgan Frost.
5:42 of 1st period - Snap shot by Chandler Stephenson.
5:42 of 1st period - Shot Misses the Net.
6:02 of 1st period - Slapshot by Miles Wood.
6:02 of 1st period - Stopped by Linus Ullmark with a rebound.
6:04 of 1st period - Slapshot by Ryan McDonagh.
6:04 of 1st period - Stopped by Linus Ullmark with a rebound.
6:38 of 1st period - Slapshot by T.J. Oshie.
6:38 of 1st period - Stopped by Linus Ullmark without a rebound.
6:39 of 1st period - Nazem Kadri wins face-off versus Lukas Reichel in Anaheim Ducks zone.
6:52 of 1st period - Slapshot by J.T. Compher.
6:52 of 1st period - Deflect By Tomas Tatar.
6:52 of 1st period - Stopped by Anton Forsberg with a rebound.
6:54 of 1st period - Slapshot by Ivan Provorov.
6:54 of 1st period - Stopped by Anton Forsberg without a rebound.
6:55 of 1st period - John Tavares wins face-off versus Matthew Coronato in Hartford Whalers zone.
7:04 of 1st period - Snap shot by John Tavares.
7:04 of 1st period - Shot Blocked by Ryan Suter.
7:06 of 1st period - Slapshot by William Nylander.
7:06 of 1st period - Goal by William Nylander - Hartford Whalers : 1 - Anaheim Ducks : 1.
7:07 of 1st period - Nazem Kadri wins face-off versus Lukas Reichel in neutral zone.
7:22 of 1st period - Wrist shot by Nazem Kadri.
7:22 of 1st period - Stopped by Anton Forsberg with a rebound.
7:24 of 1st period - Snap shot by Chandler Stephenson.
7:24 of 1st period - Stopped by Anton Forsberg with a rebound.
7:34 of 1st period - William Nylander is hit by Josh Anderson and loses puck.
8:22 of 1st period - Snap shot by Nick Suzuki.
8:22 of 1st period - Shot Misses the Net.
8:36 of 1st period - Slapshot by Alexandre Texier.
8:36 of 1st period - Stopped by Anton Forsberg with a rebound.
8:38 of 1st period - Wrist shot by Max Domi.
8:38 of 1st period - Shot Misses the Net.
8:40 of 1st period - Slapshot by Josh Manson.
8:40 of 1st period - Shot Misses the Net.
8:42 of 1st period - Snap shot by Calle Jarnkrok.
8:42 of 1st period - Shot Misses the Net.
8:44 of 1st period - Snap shot by Josh Manson.
8:44 of 1st period - Shot Misses the Net.
8:46 of 1st period - Slapshot by Brenden Dillon.
8:46 of 1st period - Shot Misses the Net.
9:08 of 1st period - Kaiden Guhle is hit by John Tavares and loses puck.
9:23 of 1st period - Wrist shot by Morgan Frost.
9:23 of 1st period - Shot Misses the Net.
9:33 of 1st period - Snap shot by Mark Scheifele.
9:33 of 1st period - Stopped by Anton Forsberg without a rebound.
9:34 of 1st period - Nick Suzuki wins face-off versus J.T. Compher in Hartford Whalers zone.
10:01 of 1st period - Alex Killorn is hit by Lukas Reichel and loses puck.
10:48 of 1st period - Charlie McAvoy is hit by Max Domi and loses puck.
11:07 of 1st period - Derek Forbort is hit by J.T. Compher and loses puck.
11:28 of 1st period - Wrist shot by Nazem Kadri.
11:28 of 1st period - Stopped by Anton Forsberg with a rebound.
11:38 of 1st period - Slapshot by Lukas Reichel.
11:38 of 1st period - Stopped by Linus Ullmark with a rebound.
11:57 of 1st period - Wrist shot by T.J. Oshie.
11:57 of 1st period - Shot Misses the Net.
12:21 of 1st period - Esa Lindell is hit by Matthew Coronato and loses puck.
12:42 of 1st period - Alexandre Texier is hit by Nick Suzuki.
12:58 of 1st period - Slapshot by Tomas Tatar.
12:58 of 1st period - Shot Misses the Net.
13:04 of 1st period - Wrist shot by Nazem Kadri.
13:04 of 1st period - Stopped by Anton Forsberg without a rebound.
13:05 of 1st period - Morgan Frost wins face-off versus Alex Killorn in Hartford Whalers zone.
13:05 of 1st period - Morgan Frost is hit by John Tavares.
13:18 of 1st period - Wrist shot by Miles Wood.
13:18 of 1st period - Stopped by Linus Ullmark without a rebound.
13:19 of 1st period - Nick Suzuki wins face-off versus Nazem Kadri in Anaheim Ducks zone.
13:32 of 1st period - Snap shot by Jonathan Drouin.
13:32 of 1st period - Stopped by Linus Ullmark with a rebound.
13:34 of 1st period - Snap shot by Torey Krug.
13:34 of 1st period - Stopped by Linus Ullmark with a rebound.
13:44 of 1st period - Torey Krug is hit by J.T. Compher and loses puck.
13:57 of 1st period - Wrist shot by Nick Suzuki.
13:57 of 1st period - Shot Misses the Net.
13:59 of 1st period - Slapshot by Torey Krug.
13:59 of 1st period - Deflect By Jonathan Drouin.
13:59 of 1st period - Shot Misses the Net.
13:59 of 1st period - Puck is out of play.
14:00 of 1st period - John Tavares wins face-off versus Morgan Frost in Anaheim Ducks zone.
14:11 of 1st period - Snap shot by T.J. Oshie.
14:11 of 1st period - Shot Blocked by Esa Lindell.
14:13 of 1st period - Slapshot by Ryan McDonagh.
14:13 of 1st period - Stopped by Linus Ullmark with a rebound.
14:25 of 1st period - Mark Scheifele is hit by Charlie McAvoy and loses puck.
14:56 of 1st period - Snap shot by Max Domi.
14:56 of 1st period - Shot Misses the Net.
15:18 of 1st period - Backhand shot by T.J. Oshie.
15:18 of 1st period - Stopped by Linus Ullmark without a rebound.
15:19 of 1st period - John Tavares wins face-off versus Lukas Reichel in Anaheim Ducks zone.
15:55 of 1st period - Nazem Kadri is hit by Tomas Tatar and loses puck.
16:21 of 1st period - Snap shot by T.J. Oshie.
16:21 of 1st period - Stopped by Linus Ullmark without a rebound.
16:22 of 1st period - Nick Suzuki wins face-off versus John Tavares in Anaheim Ducks zone.
16:55 of 1st period - Off-side.
16:56 of 1st period - Mark Scheifele wins face-off versus Morgan Frost in neutral zone.
17:25 of 1st period - Wrist shot by Jonathan Drouin.
17:25 of 1st period - Shot Misses the Net.
17:27 of 1st period - Slapshot by Jonathan Drouin.
17:27 of 1st period - Stopped by Linus Ullmark with a rebound.
17:29 of 1st period - Slapshot by Kaiden Guhle.
17:29 of 1st period - Stopped by Linus Ullmark with a rebound.
17:31 of 1st period - Wrist shot by Derek Forbort.
17:31 of 1st period - Stopped by Linus Ullmark without a rebound.
17:32 of 1st period - Nick Suzuki wins face-off versus Nazem Kadri in Anaheim Ducks zone.
17:35 of 1st period - Snap shot by Nick Suzuki.
17:35 of 1st period - Stopped by Linus Ullmark with a rebound.
17:37 of 1st period - Wrist shot by Anthony Cirelli.
17:37 of 1st period - Deflect By Nick Suzuki.
17:37 of 1st period - Shot Misses the Net.
17:37 of 1st period - Puck is out of play.
17:38 of 1st period - Nazem Kadri wins face-off versus Nick Suzuki in Anaheim Ducks zone.
18:04 of 1st period - Double Minor Penalty to Alex Killorn for High sticking.
18:05 of 1st period - J.T. Compher wins face-off versus Nick Suzuki in Anaheim Ducks zone.
Goals for this period are 1 for Hartford Whalers vs 1 for Anaheim Ducks.
Shots for this period are 17 for Hartford Whalers vs 9 for Anaheim Ducks.
2nd period
0:01 of 2nd period - J.T. Compher wins face-off versus Morgan Frost in neutral zone.
0:41 of 2nd period - Off-side.
0:42 of 2nd period - Chandler Stephenson wins face-off versus Morgan Frost in neutral zone.
2:04 of 2nd period - Penalty to Alex Killorn is over, Alex Killorn is back on ice.
2:30 of 2nd period - Esa Lindell is hit by Josh Anderson and loses puck.
3:14 of 2nd period - Wrist shot by Chandler Stephenson.
3:14 of 2nd period - Stopped by Anton Forsberg with a rebound.
3:16 of 2nd period - Slapshot by Esa Lindell.
3:16 of 2nd period - Deflect By Miles Wood.
3:16 of 2nd period - Stopped by Anton Forsberg with a rebound.
3:18 of 2nd period - Slapshot by J.T. Compher.
3:18 of 2nd period - Goal by J.T. Compher - Hartford Whalers : 1 - Anaheim Ducks : 2.
3:19 of 2nd period - Nazem Kadri wins face-off versus Morgan Frost in neutral zone.
3:23 of 2nd period - Morgan Rielly is hit by Torey Krug and loses puck.
4:55 of 2nd period - Snap shot by Miles Wood.
4:55 of 2nd period - Stopped by Linus Ullmark with a rebound.
4:57 of 2nd period - Snap shot by T.J. Oshie.
4:57 of 2nd period - Shot Blocked by Josh Manson.
6:11 of 2nd period - John Tavares is hit by Ryan Suter and loses puck.
6:24 of 2nd period - Snap shot by Nick Suzuki.
6:24 of 2nd period - Deflect By William Nylander.
6:24 of 2nd period - Stopped by Linus Ullmark without a rebound.
6:25 of 2nd period - Morgan Frost wins face-off versus Mark Scheifele in Anaheim Ducks zone.
6:41 of 2nd period - Wrist shot by Mason Marchment.
6:41 of 2nd period - Deflect By Mark Scheifele.
6:41 of 2nd period - Stopped by Anton Forsberg without a rebound.
6:42 of 2nd period - Lukas Reichel wins face-off versus Nazem Kadri in Hartford Whalers zone.
6:42 of 2nd period - Lukas Reichel is hit by Chandler Stephenson.
7:08 of 2nd period - Ivan Provorov is hit by Anthony Cirelli and loses puck.
7:15 of 2nd period - Wrist shot by Mason Marchment.
7:15 of 2nd period - Deflect By Brayden Schenn.
7:15 of 2nd period - Shot Misses the Net.
7:15 of 2nd period - Puck is out of play.
7:16 of 2nd period - Morgan Frost wins face-off versus John Tavares in Hartford Whalers zone.
7:16 of 2nd period - Morgan Frost is hit by Brenden Dillon.
8:01 of 2nd period - Snap shot by Nick Suzuki.
8:01 of 2nd period - Shot Blocked by Ivan Provorov.
8:07 of 2nd period - Nick Suzuki is hit by John Tavares.
8:19 of 2nd period - Wrist shot by John Tavares.
8:19 of 2nd period - Shot Misses the Net.
8:21 of 2nd period - Snap shot by William Nylander.
8:21 of 2nd period - Stopped by Anton Forsberg with a rebound.
8:23 of 2nd period - Snap shot by Morgan Rielly.
8:23 of 2nd period - Shot Misses the Net.
9:11 of 2nd period - Wrist shot by William Nylander.
9:11 of 2nd period - Shot Misses the Net.
9:13 of 2nd period - Wrist shot by Morgan Rielly.
9:13 of 2nd period - Shot Blocked by Ryan Suter.
9:15 of 2nd period - Snap shot by William Nylander.
9:15 of 2nd period - Stopped by Anton Forsberg without a rebound.
9:16 of 2nd period - Morgan Frost wins face-off versus J.T. Compher in Hartford Whalers zone.
9:45 of 2nd period - Off-side.
9:46 of 2nd period - Lukas Reichel wins face-off versus Mark Scheifele in neutral zone.
9:57 of 2nd period - Wrist shot by Mark Scheifele.
9:57 of 2nd period - Stopped by Anton Forsberg without a rebound.
9:58 of 2nd period - Morgan Frost wins face-off versus Mark Scheifele in Hartford Whalers zone.
10:13 of 2nd period - Snap shot by T.J. Oshie.
10:13 of 2nd period - Stopped by Linus Ullmark without a rebound.
10:14 of 2nd period - J.T. Compher wins face-off versus Lukas Reichel in Anaheim Ducks zone.
10:23 of 2nd period - Wrist shot by Chandler Stephenson.
10:23 of 2nd period - Stopped by Anton Forsberg with a rebound.
11:25 of 2nd period - Snap shot by Nazem Kadri.
11:25 of 2nd period - Stopped by Anton Forsberg with a rebound.
11:27 of 2nd period - Slapshot by Brenden Dillon.
11:27 of 2nd period - Deflect By Chandler Stephenson.
11:27 of 2nd period - Stopped by Anton Forsberg without a rebound.
11:28 of 2nd period - Nazem Kadri wins face-off versus Taylor Hall in Hartford Whalers zone.
11:42 of 2nd period - Icing by Kaiden Guhle.
11:43 of 2nd period - Mark Scheifele wins face-off versus Matthew Coronato in Hartford Whalers zone.
11:44 of 2nd period - Slapshot by Brayden Schenn.
11:44 of 2nd period - Shot Misses the Net.
11:50 of 2nd period - Mason Marchment is hit by Taylor Hall and loses puck.
11:56 of 2nd period - Mark Scheifele beats up Josh Anderson.
11:56 of 2nd period - Penalty to Mark Scheifele for Fighting.
11:56 of 2nd period - Penalty to Josh Anderson for Fighting.
11:57 of 2nd period - Nazem Kadri wins face-off versus Morgan Frost in neutral zone.
12:01 of 2nd period - Off-side.
12:02 of 2nd period - Nazem Kadri wins face-off versus Morgan Frost in neutral zone.
12:05 of 2nd period - T.J. Oshie is hit by Chandler Stephenson.
12:15 of 2nd period - Slapshot by Morgan Rielly.
12:15 of 2nd period - Deflect By Chandler Stephenson.
12:15 of 2nd period - Goal by Chandler Stephenson - Hartford Whalers : 1 - Anaheim Ducks : 3.
12:16 of 2nd period - William Nylander wins face-off versus Kaapo Kakko in neutral zone.
12:23 of 2nd period - Wrist shot by Brayden Schenn.
12:23 of 2nd period - Stopped by Anton Forsberg with a rebound.
12:25 of 2nd period - Snap shot by William Nylander.
12:25 of 2nd period - Stopped by Anton Forsberg with a rebound.
12:27 of 2nd period - Wrist shot by Brayden Schenn.
12:27 of 2nd period - Shot Misses the Net.
12:43 of 2nd period - Derek Forbort is hit by Nazem Kadri and loses puck.
13:37 of 2nd period - Icing by Morgan Rielly.
13:38 of 2nd period - John Tavares wins face-off versus Morgan Frost in Anaheim Ducks zone.
14:13 of 2nd period - Double Minor Penalty to Miles Wood for High sticking.
14:14 of 2nd period - Nazem Kadri wins face-off versus Nick Suzuki in Hartford Whalers zone.
14:30 of 2nd period - Charlie McAvoy is hit by William Nylander and loses puck.
14:49 of 2nd period - Snap shot by John Tavares.
14:49 of 2nd period - Shot Misses the Net.
16:56 of 2nd period - Penalty to Josh Anderson is over, Josh Anderson is back on ice.
18:13 of 2nd period - Penalty to Miles Wood is over, Miles Wood is back on ice.
18:17 of 2nd period - Snap shot by Miles Wood.
18:17 of 2nd period - Shot Misses the Net.
18:32 of 2nd period - Minor Penalty to Brayden Schenn for Tripping.
18:33 of 2nd period - Morgan Frost wins face-off versus Alexandre Texier in Anaheim Ducks zone.
Goals for this period are 0 for Hartford Whalers vs 2 for Anaheim Ducks.
Shots for this period are 3 for Hartford Whalers vs 13 for Anaheim Ducks.
3rd period
0:01 of 3rd period - Nick Suzuki wins face-off versus J.T. Compher in neutral zone.
0:04 of 3rd period - Snap shot by Jonathan Drouin.
0:04 of 3rd period - Stopped by Linus Ullmark with a rebound.
0:06 of 3rd period - Slapshot by Ryan McDonagh.
0:06 of 3rd period - Deflect By Jonathan Drouin.
0:06 of 3rd period - Shot Blocked by J.T. Compher.
0:06 of 3rd period - Puck is out of play.
0:07 of 3rd period - Nick Suzuki wins face-off versus J.T. Compher in Anaheim Ducks zone.
0:14 of 3rd period - Snap shot by Nick Suzuki.
0:14 of 3rd period - Stopped by Linus Ullmark with a rebound.
0:16 of 3rd period - Slapshot by Jonathan Drouin.
0:16 of 3rd period - Shot Misses the Net.
0:18 of 3rd period - Slapshot by Ryan McDonagh.
0:18 of 3rd period - Shot Blocked by Alexandre Texier.
0:20 of 3rd period - Wrist shot by Jonathan Drouin.
0:20 of 3rd period - Deflect By Nick Suzuki.
0:20 of 3rd period - Shot Misses the Net.
0:20 of 3rd period - Puck is out of play.
0:21 of 3rd period - T.J. Oshie wins face-off versus Alexandre Texier in Anaheim Ducks zone.
0:32 of 3rd period - Penalty to Brayden Schenn is over, Brayden Schenn is back on ice.
0:32 of 3rd period - Snap shot by Miles Wood.
0:32 of 3rd period - Shot Misses the Net.
1:29 of 3rd period - Backhand shot by Mark Scheifele.
1:29 of 3rd period - Stopped by Anton Forsberg with a rebound.
2:17 of 3rd period - Snap shot by Kaapo Kakko.
2:17 of 3rd period - Stopped by Linus Ullmark with a rebound.
2:29 of 3rd period - Wrist shot by Nazem Kadri.
2:29 of 3rd period - Stopped by Anton Forsberg with a rebound.
2:31 of 3rd period - Slapshot by Chandler Stephenson.
2:31 of 3rd period - Stopped by Anton Forsberg with a rebound.
2:33 of 3rd period - Slapshot by Ivan Provorov.
2:33 of 3rd period - Shot Misses the Net.
2:35 of 3rd period - Snap shot by Chandler Stephenson.
2:35 of 3rd period - Shot Misses the Net.
3:31 of 3rd period - Snap shot by William Nylander.
3:31 of 3rd period - Stopped by Anton Forsberg without a rebound.
3:32 of 3rd period - John Tavares wins face-off versus Morgan Frost in Hartford Whalers zone.
3:51 of 3rd period - Snap shot by William Nylander.
3:51 of 3rd period - Stopped by Anton Forsberg with a rebound.
4:48 of 3rd period - Minor Penalty to Nick Suzuki for Delaying the game.
4:49 of 3rd period - Jonathan Drouin wins face-off versus Nazem Kadri in Hartford Whalers zone.
5:00 of 3rd period - Slapshot by Jonathan Drouin.
5:00 of 3rd period - Stopped by Linus Ullmark without a rebound.
5:01 of 3rd period - Kaapo Kakko wins face-off versus John Tavares in Anaheim Ducks zone.
5:07 of 3rd period - Off-side.
5:08 of 3rd period - John Tavares wins face-off versus Kaapo Kakko in neutral zone.
5:31 of 3rd period - Slapshot by Morgan Rielly.
5:31 of 3rd period - Stopped by Anton Forsberg with a rebound.
5:33 of 3rd period - Snap shot by Morgan Rielly.
5:33 of 3rd period - Shot Misses the Net.
5:35 of 3rd period - Wrist shot by John Tavares.
5:35 of 3rd period - Stopped by Anton Forsberg without a rebound.
5:36 of 3rd period - Nazem Kadri wins face-off versus Kaapo Kakko in Hartford Whalers zone.
6:48 of 3rd period - Penalty to Nick Suzuki is over, Nick Suzuki is back on ice.
7:16 of 3rd period - Kaiden Guhle is hit by Nazem Kadri and loses puck.
7:33 of 3rd period - Snap shot by T.J. Oshie.
7:33 of 3rd period - Deflect By Morgan Frost.
7:33 of 3rd period - Stopped by Linus Ullmark without a rebound.
7:34 of 3rd period - Mason Marchment wins face-off versus Morgan Frost in Anaheim Ducks zone.
7:45 of 3rd period - Wrist shot by Miles Wood.
7:45 of 3rd period - Shot Misses the Net.
8:02 of 3rd period - Snap shot by Morgan Frost.
8:02 of 3rd period - Stopped by Linus Ullmark with a rebound.
8:04 of 3rd period - Snap shot by T.J. Oshie.
8:04 of 3rd period - Stopped by Linus Ullmark without a rebound.
8:05 of 3rd period - John Tavares wins face-off versus Nick Suzuki in Anaheim Ducks zone.
8:32 of 3rd period - Tomas Tatar is hit by Nazem Kadri and loses puck.
9:40 of 3rd period - Off-side.
9:41 of 3rd period - Nick Suzuki wins face-off versus John Tavares in neutral zone.
9:54 of 3rd period - Backhand shot by Alex Killorn.
9:54 of 3rd period - Stopped by Anton Forsberg with a rebound.
10:19 of 3rd period - Snap shot by Mark Scheifele.
10:19 of 3rd period - Shot Misses the Net.
10:35 of 3rd period - Slapshot by Morgan Frost.
10:35 of 3rd period - Shot Blocked by Chandler Stephenson.
10:40 of 3rd period - Off-side.
10:41 of 3rd period - Nick Suzuki wins face-off versus Mark Scheifele in neutral zone.
10:53 of 3rd period - Off-side.
10:54 of 3rd period - Nazem Kadri wins face-off versus Nick Suzuki in neutral zone.
12:46 of 3rd period - Morgan Rielly is hit by Ryan Suter and loses puck.
12:55 of 3rd period - Ivan Provorov is hit by Kaapo Kakko and loses puck.
13:38 of 3rd period - Icing by Ivan Provorov.
13:39 of 3rd period - Nazem Kadri wins face-off versus Nick Suzuki in Anaheim Ducks zone.
13:54 of 3rd period - Nick Suzuki is hit by J.T. Compher.
14:10 of 3rd period - Snap shot by Chandler Stephenson.
14:10 of 3rd period - Shot Misses the Net.
15:35 of 3rd period - Snap shot by Nazem Kadri.
15:35 of 3rd period - Stopped by Anton Forsberg with a rebound.
15:37 of 3rd period - Snap shot by J.T. Compher.
15:37 of 3rd period - Stopped by Anton Forsberg without a rebound.
15:38 of 3rd period - Lukas Reichel wins face-off versus John Tavares in Hartford Whalers zone.
16:10 of 3rd period - Slapshot by Charlie McAvoy.
16:10 of 3rd period - Shot Hit the Post.
16:12 of 3rd period - Wrist shot by Josh Anderson.
16:12 of 3rd period - Deflect By Mark Scheifele.
16:12 of 3rd period - Shot Blocked by Joshua Morrissey.
16:12 of 3rd period - Puck is out of play.
16:13 of 3rd period - Mark Scheifele wins face-off versus Matthew Coronato in Anaheim Ducks zone.
16:42 of 3rd period - Derek Forbort is hit by Brenden Dillon.
17:04 of 3rd period - Tomas Tatar is hit by Mark Scheifele and loses puck.
17:15 of 3rd period - Slapshot by Brayden Schenn.
17:15 of 3rd period - Shot Misses the Net.
17:17 of 3rd period - Slapshot by Mason Marchment.
17:17 of 3rd period - Stopped by Anton Forsberg with a rebound.
17:19 of 3rd period - Slapshot by Brayden Schenn.
17:19 of 3rd period - Shot Blocked by Lukas Reichel.
17:21 of 3rd period - Slapshot by Mason Marchment.
17:21 of 3rd period - Deflect By Mark Scheifele.
17:21 of 3rd period - Shot Blocked by Charlie McAvoy.
17:21 of 3rd period - Puck is out of play.
17:22 of 3rd period - John Tavares wins face-off versus Matthew Coronato in Hartford Whalers zone.
17:31 of 3rd period - Wrist shot by Josh Anderson.
17:31 of 3rd period - Shot Misses the Net.
18:01 of 3rd period - Slapshot by John Tavares.
18:01 of 3rd period - Stopped by Anton Forsberg with a rebound.
18:03 of 3rd period - Slapshot by Joshua Morrissey.
18:03 of 3rd period - Stopped by Anton Forsberg with a rebound.
18:05 of 3rd period - Slapshot by Joshua Morrissey.
18:05 of 3rd period - Deflect By Jonathan Drouin.
18:05 of 3rd period - Stopped by Anton Forsberg with a rebound.
18:07 of 3rd period - Slapshot by Esa Lindell.
18:07 of 3rd period - Deflect By William Nylander.
18:07 of 3rd period - Shot Misses the Net.
18:07 of 3rd period - Puck is out of play.
18:08 of 3rd period - Mason Marchment wins face-off versus Lukas Reichel in Hartford Whalers zone.
18:23 of 3rd period - Slapshot by Josh Anderson.
18:23 of 3rd period - Stopped by Linus Ullmark without a rebound.
18:24 of 3rd period - Lukas Reichel wins face-off versus Mark Scheifele in Anaheim Ducks zone.
18:27 of 3rd period - Wrist shot by Lukas Reichel.
18:27 of 3rd period - Stopped by Linus Ullmark with a rebound.
18:39 of 3rd period - Snap shot by Josh Anderson.
18:39 of 3rd period - Stopped by Linus Ullmark without a rebound.
18:40 of 3rd period - Chandler Stephenson wins face-off versus Matthew Coronato in Anaheim Ducks zone.
18:57 of 3rd period - Wrist shot by Chandler Stephenson.
18:57 of 3rd period - Shot Misses the Net.
19:28 of 3rd period - Snap shot by Chandler Stephenson.
19:28 of 3rd period - Shot Blocked by Charlie McAvoy.
19:30 of 3rd period - Slapshot by Morgan Rielly.
19:30 of 3rd period - Deflect By Nazem Kadri.
19:30 of 3rd period - Shot Misses the Net.
19:30 of 3rd period - Puck is out of play.
19:31 of 3rd period - Lukas Reichel wins face-off versus Mark Scheifele in Hartford Whalers zone.
19:35 of 3rd period - Derek Forbort is hit by Morgan Rielly and loses puck.
19:38 of 3rd period - Snap shot by Derek Forbort.
19:38 of 3rd period - Stopped by Linus Ullmark with a rebound.
19:40 of 3rd period - Wrist shot by Lukas Reichel.
19:40 of 3rd period - Stopped by Linus Ullmark with a rebound.
19:45 of 3rd period - Minor Penalty to Mark Scheifele for Holding.
19:46 of 3rd period - J.T. Compher wins face-off versus Nick Suzuki in Anaheim Ducks zone.
Goals for this period are 0 for Hartford Whalers vs 0 for Anaheim Ducks.
Shots for this period are 12 for Hartford Whalers vs 14 for Anaheim Ducks.
Back to the Top